AoeStats
← Onestepbeyond

Arabia

510373133Analyzed
1v1 RM · 12h ago on Sep 30, 2026· 48m 3s· 2 players
Game mode
Random Map
Map size
Tiny (2 player)
Population
200
Speed
Normal
Resources
Standard
Victory
Conquest
Starting age
Dark Age
Ending age
Imperial Age
RankedLock teamsTeams togetherTeam positionsShared explorationLock speedFull tech treeHidden civsTurbo modeCheats
Victory
Defeat
🇪🇸 Koreans · Spain
841
+17
🇫🇷 Teutons · France
864
-17
davalgo_92
3:41 Loom
11:02 Feudal Age
11:20 Man-at-Arms
11:54 Double-Bit Axe
13:40 Horse Collar
16:08 Forging
18:27 Fletching
18:34 Gold Mining
24:22 Castle Age
26:12 Bodkin Arrow
25:46 Crossbowman
28:18 Bow Saw
29:52 Heavy Plow
30:19 Light Cavalry
32:35 Gold Shaft Mining
32:20 Husbandry
33:03 Iron Casting
33:30 Scale Barding Armor
38:15 Thumb Ring
41:36 Imperial Age
39:48 Eupseong
40:01 Stone Mining
40:44 Ballistics
41:08 Town Watch
41:59 Wheelbarrow
42:30 Arbalester
44:16 Chemistry
43:29 Town Patrol
43:45 Hand Cart
44:36 Conscription
46:28 Bracer
Onestepbeyond
3:12 Loom
10:46 Feudal Age
16:07 Man-at-Arms
19:54 Horse Collar
20:51 Forging
25:57 Castle Age
25:50 Fletching
26:08 Gold Mining
26:07 Double-Bit Axe
27:50 Elite Skirmisher
30:19 Town Watch
31:54 Bow Saw
31:54 Heavy Plow
38:47 Wheelbarrow
44:52 Imperial Age
43:00 Scale Mail Armor
43:30 Ballistics
44:25 Hand Cart
43:56 Pikeman
44:38 Squires
44:23 Arson
44:59 Stone Mining
47:25 Chemistry
Connection lost

Rejoining the realm…

Still unreachable

The connection could not be restored.

Session expired

The server has moved on; the page needs a fresh start.